 Dungeon Sprint DCSS version 0.17-a0-2064-g265a032 (webtiles) character file.

98248 Kidiri the Impregnable (level 15, -6/161 HPs)
             Began as a Minotaur Fighter on Oct 12, 2015.
             Was the Champion of Okawaru.
             Mangled by Ereshkigal (18 damage)
             ... while paralysed by Ereshkigal
             ... in the Dungeon (Sprint VII: "The Pits").
             The game lasted 00:33:09 (6634 turns).

Kidiri the Impregnable (Minotaur Fighter)           Turns: 6634, Time: 00:33:09

Health: -6/161     AC: 37    Str: 27    XL:     15   Next: 74%
Magic:  24/25      EV:  2    Int:  5    God:    Okawaru [******]
Gold:   14         SH:  0    Dex: 18    Spells: 0 memorised, 14 levels left

rFire  + . .     SeeInvis +     w - +3 eveningstar (protect)
rCold  + + +     Clarity  +     y - +0 plate armour "Rarph" {rPois rC+ SInv}
rNeg   . . .     SustAt   .     E - +2 large shield
rPois  +         Gourm    .     (helmet unavailable)
rElec  .         Spirit   .     F - +0 cloak "Iloifuju" {rF+}
rCorr  .         Warding  .     a - +0 pair of gloves
rMut   .         NoTele   +     D - +4 pair of boots of a ziggurat {rC++ Regen+ Str+2}
MR     ++...                    (no amulet)
Stlth  ..........               n - +3 ring of evasion
                                C - ring of Toxtiq {rPois rC+ Dex+4}

@: paralysed, heroism, finesse, very resistant to hostile enchantments,
extremely unstealthy
A: retaliatory headbutt, horns 3, agile 1, clarity, cold resistance 1, magic
resistance 1, robust 1, slow regeneration 1
a: Heroism, Finesse, Renounce Religion


You were in the Dungeon.
You worshipped Okawaru.
Okawaru was exalted by your worship.
You were not hungry.

You visited 1 branch You collected 14 gold pieces.

Inventory:

Hand Weapons
 w - a +3 eveningstar of protection (weapon)
Missiles
 m - 3 javelins of returning
 s - 7 tomahawks of dispersal
 B - 34 javelins (quivered)
Armour
 a - a +0 pair of gloves (worn)
 q - a +2 cloak
 y - the +0 plate armour "Rarph" (worn) {rPois rC+ SInv}
   (Okawaru gifted it to you in the Dungeon)

   It protects you from cold.
   It protects you from poison.
   It lets you see invisible.
 D - the +4 pair of boots of a ziggurat (worn) {rC++ Regen+ Str+2}
   (You found it in the Dungeon)

   It affects your strength (+2).
   It greatly protects you from cold.
   It increases your rate of regeneration.
 E - a +2 large shield (worn)
 F - the +0 cloak "Iloifuju" (worn) {rF+}
   (Okawaru gifted it to you in the Dungeon)

   It protects you from fire.
Jewellery
 n - a +3 ring of evasion (right hand)
 C - the ring of Toxtiq (left hand) {rPois rC+ Dex+4}
   (You found it in the Dungeon)

   [ring of poison resistance]

   It affects your dexterity (+4).
   It protects you from cold.
   It protects you from poison.
Wands
 H - a wand of invisibility (5)
Scrolls
 k - a scroll of blinking
 t - 3 scrolls of remove curse
 u - 5 scrolls of amnesia
 v - a scroll of summoning
 x - a scroll of fog
 A - 3 scrolls of recharging
Potions
 d - 2 potions of might
 e - 2 potions of invisibility
 f - 7 potions of curing
 g - 2 potions of heal wounds
 h - 3 potions of haste
 i - 5 potions of magic
 j - 3 potions of berserk rage
 o - 4 potions of agility
 p - 4 potions of brilliance
Comestibles
 b - 40 fruits
 c - 7 chunks of flesh
 l - 14 meat rations
 r - 9 bread rations
 G - 12 royal jellies


   Skills:
 + Level 17.6(22.6) Fighting
 * Level 22.9(27) Maces & Flails
 + Level 11.3(16.3) Throwing
 * Level 23.1(27) Armour
 * Level 21.4(26.4) Dodging
 * Level 23.1(27) Shields
 + Level 14.8 Invocations


You had 14 spell levels left.
You didn't know any spells.

Dungeon Overview and Level Annotations

Branches:
Dungeon (1/1)

Altars:
Ashenzari
Cheibriados
Dithmenos
Elyvilon
Fedhas
Gozag
Kikubaaqudgha
Makhleb
Nemelex Xobeh
Okawaru
Qazlal
Ru
Sif Muna
Trog
Vehumet
Xom
Yredelemnul
Zin
The Shining One
Beogh
Jiyva
Lugonu

Annotations:
D Ereshkigal


Innate Abilities, Weirdness & Mutations

You reflexively headbutt those who attack you in melee.
You have a pair of large horns on your head.
You are agile. (Dex +2)
You possess an exceptional clarity of mind.
Your flesh is cold resistant.
You are resistant to hostile enchantments.
You are robust (+10% HP).
You regenerate slowly when monsters are visible.


Message History

You closely miss Ereshkigal. Your headbutt misses Ereshkigal.
Ereshkigal is severely wounded.
Ereshkigal calls on the powers of darkness!
Your body is wracked with pain!
* * * LOW HITPOINT WARNING * * *
You hit Ereshkigal.
Ereshkigal is severely wounded.
Unknown command.
You barely miss Ereshkigal. Your headbutt misses Ereshkigal.
Ereshkigal is severely wounded.
Ereshkigal gestures at you.
You suddenly lose the ability to move!
Ereshkigal gestures at you.
You shrug off the repeated paralysis!
Ereshkigal hits you but does no damage. Ereshkigal hits you!!
* * * LOW HITPOINT WARNING * * *
Ereshkigal hits you but does no damage.
Some of the chunks of flesh in your inventory have rotted away.
Ereshkigal hits you!!
You die...

#+#
#2#
#&#
#@#
#'#
#.#
#'#
#)#
#'#
#.#
#'#
##}##


You could see Ereshkigal and a balrug.

Vanquished Creatures
  the Lernaean hydra (D)
  Norris (D)
  Geryon (D)
  2 Killer Klowns (D)
  A golden dragon (D)
  2 pearl dragons (D)
  A pandemonium lord (D)
  A Brimstone Fiend (D)
  A tentacled monstrosity (D)
  A Hell Sentinel (D)
  Polyphemus (D)
  2 storm dragons (D)
  An azure jelly (D)
  A greater naga (D)
  Ilsuiw (D)
  2 orc warlords (D)
  A ghost moth (D)
  Aizul (D)
  A reaper (D)
  A spriggan defender (D)
  A vampire knight (D)
  2 stone giants (D)
  A yellow draconian (D)
  An ettin (D)
  2 blizzard demons (D)
  A deep elf death mage (D)
  2 merfolk javelineers (D)
  A great orb of eyes (D)
  3 vault guards (D)
  2 yaktaur captains (D)
  Josephine (D)
  5 naga warriors (D)
  An anaconda (D)
  2 ice dragons (D)
  A death knight (D)
  An alligator snapping turtle (D)
  A dancing weapon (D)
  3 hell hogs (D)
  An orc high priest (D)
  Urug (D)
  A deep elf knight (D)
  A flayed ghost (D)
  A sea snake (D)
  A deep troll (D)
  4 harpies (D)
  A swamp dragon (D)
  A deep elf summoner (D)
  A wizard (D)
  A spriggan druid (D)
  A large abomination (D)
  A griffon (D)
  2 orc sorcerers (D)
  A lindwurm (D)
  A hill giant (D)
  2 wolf spiders (D)
  8 orc knights (D)
  3 sirens (D)
  A spiny frog (D)
  A kobold demonologist (D)
  A molten gargoyle (D)
  An orange demon (D)
  6 yaktaurs (D)
  2 efreet (D)
  A red devil (D)
  2 trolls (D)
  A freezing wraith (D)
  A bog body (D)
  9 blink frogs (D)
  A wandering mushroom (D)
  A boulder beetle (D)
  A snapping turtle (D)
  A water elemental (D)
  A vampire (D)
  2 trapdoor spiders (D)
  A shadow (D)
  3 yaks (D)
  5 wraiths (D)
  2 vampire mosquitoes (D)
  A basilisk (D)
  A deep elf fighter (D)
  3 nagas (D)
  5 wolves (D)
  2 mottled dragons (D)
  4 black bears (D)
  A necrophage (D)
  A phantom (D)
  A wasp (D)
  A crocodile (D)
  2 centaurs (D)
  3 big kobolds (D)
  4 killer bees (D)
  3 wights (D)
  A quasit (D)
  2 hounds (D)
  A worker ant (D)
  An adder (D)
  A gnoll (D)
  2 giant eyeballs (D)
  2 ufetubi (D)
  An ooze (D)
  4 orcs (D)
  A bat (D)
  A giant cockroach (D)
  A hobgoblin (D)
  11 jackals (D)
  A quokka (D)
  A bat simulacrum (D)
  A giant gecko skeleton (D)
  A giant newt (D)
  5 kobolds (D)
  A quokka skeleton (D)
  3 rats (D)
206 creatures vanquished.

Notes
Turn   | Place    | Note
--------------------------------------------------------------
     0 | D        | Kidiri the Minotaur Fighter began the quest for the Orb.
     0 | D        | Reached XP level 1. HP: 19/19 MP: 0/0
    52 | D        | Found a sacrificial altar of Ru.
    52 | D        | Found a basalt altar of Yredelemnul.
    52 | D        | Found a shadowy altar of Dithmenos.
    52 | D        | Found a deep blue altar of Sif Muna.
    52 | D        | Found a burning altar of Makhleb.
    52 | D        | Found a shimmering altar of Xom.
    52 | D        | Found an ancient bone altar of Kikubaaqudgha.
    52 | D        | Found a sparkling altar of Nemelex Xobeh.
    53 | D        | Found a glowing golden altar of the Shining One.
    53 | D        | Found a bloodstained altar of Trog.
    53 | D        | Found a shattered altar of Ashenzari.
    53 | D        | Found a white marble altar of Elyvilon.
    53 | D        | Found a snail-covered altar of Cheibriados.
    53 | D        | Found a blossoming altar of Fedhas.
    53 | D        | Found a radiant altar of Vehumet.
    53 | D        | Found a glowing silver altar of Zin.
    53 | D        | Found a corrupted altar of Lugonu.
    53 | D        | Found a viscous altar of Jiyva.
    53 | D        | Found a roughly hewn altar of Beogh.
    53 | D        | Found an iron altar of Okawaru.
    59 | D        | Found a stormy altar of Qazlal.
    59 | D        | Found an opulent altar of Gozag.
    62 | D        | Became a worshipper of Warmaster Okawaru
    80 | D        | Reached skill level 4 in Fighting
    80 | D        | Reached skill level 1 in Dodging
   212 | D        | Paralysed by a giant eyeball for 3 turns
   217 | D        | Reached skill level 1 in Invocations
   217 | D        | Reached XP level 2. HP: 27/27 MP: 1/1
   289 | D        | Noticed a worker ant
   298 | D        | Killed a worker ant
   298 | D        | Reached skill level 5 in Armour
   298 | D        | Reached skill level 5 in Shields
   298 | D        | Reached XP level 3. HP: 12/34 MP: 1/3
   548 | D        | Noticed a black bear
   564 | D        | Killed a black bear
   564 | D        | Reached skill level 5 in Fighting
   564 | D        | Reached skill level 5 in Maces & Flails
   564 | D        | Reached skill level 6 in Armour
   564 | D        | Reached XP level 4. HP: 14/42 MP: 3/5
   564 | D        | Reached XP level 5. HP: 16/48 MP: 3/6
   910 | D        | Noticed a black bear
   917 | D        | Killed a black bear
   917 | D        | Reached * piety under Okawaru
   917 | D        | Reached skill level 7 in Armour
   917 | D        | Reached skill level 5 in Dodging
   966 | D        | Noticed a black bear
   973 | D        | Killed a black bear
   973 | D        | Reached skill level 8 in Armour
   973 | D        | Reached XP level 6. HP: 52/57 MP: 4/7
   993 | D        | Noticed a spiny frog
  1004 | D        | Killed a spiny frog
  1004 | D        | Reached ** piety under Okawaru
  1004 | D        | Reached skill level 9 in Armour
  1004 | D        | Reached XP level 7. HP: 62/66 MP: 7/9
  1024 | D        | Noticed a quasit
  1029 | D        | Killed a quasit
  1082 | D        | Noticed a centaur
  1082 | D        | Noticed a black bear
  1088 | D        | Killed a black bear
  1088 | D        | Reached skill level 5 in Invocations
  1095 | D        | Killed a centaur
  1315 | D        | Noticed a sea snake
  1315 | D        | Noticed an efreet
  1327 | D        | Killed a sea snake
  1327 | D        | Reached skill level 10 in Maces & Flails
  1327 | D        | Reached skill level 10 in Armour
  1327 | D        | Reached skill level 10 in Shields
  1327 | D        | Reached XP level 8. HP: 36/74 MP: 8/11
  1331 | D        | Killed an efreet
  1331 | D        | Reached skill level 11 in Armour
  1365 | D        | HP: 3/74 [poisoned by a sea snake]
  1373 | D        | HP: 3/74 [poisoned by a sea snake]
  1769 | D        | Noticed a hound
  1769 | D        | Noticed a bog body
  1770 | D        | Killed a hound
  1781 | D        | Killed a bog body
  1854 | D        | Noticed an orc sorcerer
  1854 | D        | Noticed a wight
  1855 | D        | Noticed a wight
  1861 | D        | Killed an orc sorcerer
  1861 | D        | Reached *** piety under Okawaru
  1861 | D        | Reached skill level 10 in Dodging
  1861 | D        | Reached XP level 9. HP: 82/82 MP: 10/12
  1865 | D        | Killed a wight
  1867 | D        | Killed a wight
  2016 | D        | Noticed Josephine
  2016 | D        | Noticed a wraith
  2016 | D        | Noticed a wraith
  2016 | D        | Noticed a wraith
  2016 | D        | Noticed a wraith
  2016 | D        | Noticed a kobold demonologist
  2016 | D        | Noticed a big kobold
  2024 | D        | Noticed a sixfirhy
  2025 | D        | Killed Josephine
  2025 | D        | Reached **** piety under Okawaru
  2025 | D        | Reached skill level 12 in Maces & Flails
  2028 | D        | Noticed a soul eater
  2031 | D        | Killed a big kobold
  2035 | D        | Killed a wraith
  2051 | D        | Killed a wraith
  2054 | D        | Killed a wraith
  2063 | D        | Killed a wraith
  2072 | D        | Killed a kobold demonologist
  2072 | D        | Reached XP level 10. HP: 72/92 MP: 14/14
  2124 | D        | Noticed a wight
  2133 | D        | Killed a wight
  2178 | D        | Noticed a snapping turtle
  2179 | D        | Noticed a big kobold
  2179 | D        | Noticed a necrophage
  2185 | D        | Killed a necrophage
  2187 | D        | Killed a big kobold
  2187 | D        | Reached skill level 13 in Shields
  2198 | D        | Killed a snapping turtle
  2210 | D        | Noticed a flayed ghost
  2211 | D        | Noticed a killer bee
  2213 | D        | Noticed a killer bee
  2214 | D        | Noticed a killer bee
  2218 | D        | Killed a killer bee
  2218 | D        | Reached skill level 10 in Fighting
  2221 | D        | Noticed a killer bee
  2224 | D        | Killed a killer bee
  2238 | D        | Killed a flayed ghost
  2239 | D        | Killed a killer bee
  2243 | D        | Killed a killer bee
  2288 | D        | Noticed a centaur
  2288 | D        | Noticed a mottled dragon
  2288 | D        | Noticed a freezing wraith
  2294 | D        | Killed a mottled dragon
  2298 | D        | Killed a centaur
  2301 | D        | Noticed a hound
  2301 | D        | Killed a freezing wraith
  2302 | D        | Killed a hound
  2321 | D        | Noticed a troll
  2338 | D        | Killed a troll
  2338 | D        | Reached ***** piety under Okawaru
  2344 | D        | Noticed a trapdoor spider
  2347 | D        | Killed a trapdoor spider
  2512 | D        | Noticed a wolf spider
  2512 | D        | Noticed a wolf
  2512 | D        | Noticed a wolf
  2512 | D        | Noticed a wolf
  2512 | D        | Noticed a wolf
  2512 | D        | Noticed a wolf
  2518 | D        | Killed a wolf
  2522 | D        | Killed a wolf spider
  2524 | D        | Killed a wolf
  2524 | D        | Reached skill level 14 in Shields
  2528 | D        | Killed a wolf
  2532 | D        | Killed a wolf
  2532 | D        | Received a gift from Okawaru
  2533 | D        | Killed a wolf
  2558 | D        | Noticed a blink frog
  2559 | D        | Noticed a basilisk
  2560 | D        | Noticed a blink frog
  2560 | D        | Noticed a blink frog
  2561 | D        | Noticed a blink frog
  2562 | D        | Noticed Urug
  2565 | D        | Killed a blink frog
  2571 | D        | Killed a blink frog
  2596 | D        | Killed a basilisk
  2605 | D        | Killed a blink frog
  2606 | D        | Killed a blink frog
  2606 | D        | Reached XP level 11. HP: 33/101 MP: 16/16
  2614 | D        | Killed Urug
  2894 | D        | Noticed a deep elf death mage
  2894 | D        | Noticed a wizard
  2906 | D        | Killed a deep elf death mage
  2909 | D        | Killed a wizard
  3071 | D        | Noticed a molten gargoyle
  3081 | D        | Killed a molten gargoyle
  3081 | D        | Reached skill level 15 in Shields
  3089 | D        | Noticed a red devil
  3089 | D        | Noticed an orc sorcerer
  3094 | D        | Killed an orc sorcerer
  3094 | D        | Reached skill level 15 in Armour
  3104 | D        | Killed a red devil
  3115 | D        | Noticed a griffon
  3116 | D        | Noticed a deep troll
  3116 | D        | Noticed a blink frog
  3116 | D        | Noticed a storm dragon
  3117 | D        | Noticed a blink frog
  3117 | D        | Noticed a blink frog
  3117 | D        | Noticed a blink frog
  3117 | D        | Noticed a lindwurm
  3117 | D        | Noticed a blink frog
  3117 | D        | Noticed a shadow
  3124 | D        | Killed a griffon
  3130 | D        | Killed a deep troll
  3130 | D        | Received a gift from Okawaru
  3130 | D        | Reached skill level 15 in Maces & Flails
  3145 | D        | Killed a shadow
  3154 | D        | Killed a lindwurm
  3154 | D        | Killed a blink frog
  3176 | D        | Killed a storm dragon
  3178 | D        | Killed a blink frog
  3179 | D        | Killed a blink frog
  3183 | D        | Killed a blink frog
  3183 | D        | Reached skill level 16 in Shields
  3191 | D        | Killed a blink frog
  3544 | D        | Noticed a wasp
  3544 | D        | Noticed a hill giant
  3552 | D        | Killed a wasp
  3556 | D        | Killed a hill giant
  3570 | D        | Noticed an orange demon
  3582 | D        | Killed a ghost moth
  3582 | D        | Reached skill level 10 in Invocations
  3582 | D        | Reached XP level 12. HP: 107/113 MP: 0/18
  3589 | D        | Killed an orange demon
  3592 | D        | Gained mutation: You are clumsy. (Dex -2) [mutagenic meat]
  3593 | D        | Gained mutation: You regenerate slowly when monsters are visible. [mutagenic meat]
  3594 | D        | Lost mutation: You are clumsy. (Dex -2) [mutagenic meat]
  3595 | D        | Gained mutation: Your flesh is cold resistant. [mutagenic meat]
  3596 | D        | Gained mutation: You have a pair of large horns on your head. [mutagenic meat]
  3690 | D        | Noticed a vampire mosquito
  3690 | D        | Noticed a vampire mosquito
  3697 | D        | Killed a vampire mosquito
  3702 | D        | Killed a vampire mosquito
  3751 | D        | Noticed a boulder beetle
  3751 | D        | Noticed a siren
  3752 | D        | Noticed a merfolk javelineer
  3752 | D        | Noticed Ilsuiw
  3753 | D        | Noticed a siren
  3754 | D        | Noticed a merfolk javelineer
  3755 | D        | Noticed a siren
  3757 | D        | Killed a siren
  3764 | D        | Killed a merfolk javelineer
  3764 | D        | Received a gift from Okawaru
  3764 | D        | Reached skill level 15 in Dodging
  3779 | D        | Killed a merfolk javelineer
  3792 | D        | Killed a boulder beetle
  3805 | D        | Killed a siren
  3808 | D        | Killed a siren
  3903 | D        | Killed Ilsuiw
  3903 | D        | Reached skill level 17 in Armour
  4213 | D        | Noticed an alligator snapping turtle
  4228 | D        | Killed an alligator snapping turtle
  4363 | D        | Noticed a trapdoor spider
  4368 | D        | Killed a trapdoor spider
  4368 | D        | Reached ****** piety under Okawaru
  4478 | D        | Noticed a mottled dragon
  4478 | D        | Noticed a yak
  4478 | D        | Noticed a yak
  4479 | D        | Noticed a yak
  4482 | D        | Killed a mottled dragon
  4491 | D        | Killed a yak
  4494 | D        | Killed a yak
  4499 | D        | Killed a yak
  4633 | D        | Noticed a wraith
  4633 | D        | Noticed an ice dragon
  4633 | D        | Noticed an ettin
  4633 | D        | Noticed a death knight
  4634 | D        | Noticed a phantom
  4634 | D        | Noticed Polyphemus
  4637 | D        | Killed a phantom
  4639 | D        | Noticed an efreet
  4642 | D        | Killed an efreet
  4643 | D        | Noticed Aizul
  4652 | D        | Killed an ice dragon
  4652 | D        | Reached skill level 1 in Throwing
  4665 | D        | Killed Aizul
  4665 | D        | Received a gift from Okawaru
  4669 | D        | Noticed a troll
  4670 | D        | Killed a troll
  4681 | D        | Noticed a large abomination
  4682 | D        | Killed Polyphemus
  4687 | D        | Killed a large abomination
  4694 | D        | Noticed a deep elf summoner
  4694 | D        | Killed an ettin
  4694 | D        | Reached XP level 13. HP: 106/122 MP: 16/20
  4704 | D        | Killed a death knight
  4704 | D        | Reached skill level 18 in Armour
  4706 | D        | Noticed an anaconda
  4707 | D        | Killed a deep elf summoner
  4708 | D        | Killed a wraith
  4709 | D        | Noticed a spriggan defender
  4709 | D        | Noticed an orc high priest
  4714 | D        | Noticed a greater naga
  4714 | D        | Killed an anaconda
  4715 | D        | Noticed a wandering mushroom
  4730 | D        | Killed a greater naga
  4732 | D        | Noticed a deep elf fighter
  4745 | D        | Killed a spriggan defender
  4748 | D        | Noticed a crocodile
  4750 | D        | Killed a crocodile
  4758 | D        | Killed a deep elf fighter
  4772 | D        | Killed an orc high priest
  4778 | D        | Noticed a big kobold
  4778 | D        | Killed a wandering mushroom
  4788 | D        | Killed a big kobold
  4810 | D        | Noticed a great orb of eyes
  4811 | D        | Paralysed by a great orb of eyes for 7 turns
  4821 | D        | Killed a great orb of eyes
  4826 | D        | Got the ring of Toxtiq {rPois rC+ Dex+4}
  4859 | D        | Gained mutation: You possess an exceptional clarity of mind. [mutagenic meat]
  4860 | D        | Gained mutation: You are resistant to hostile enchantments. [mutagenic meat]
  4861 | D        | Gained mutation: You are agile. (Dex +2) [mutagenic meat]
  4862 | D        | Gained mutation: You are robust (+10% HP). [mutagenic meat]
  4874 | D        | Got the +4 pair of boots of a ziggurat {rC++ Regen+ Str+2}
  4956 | D        | Noticed a water elemental
  4956 | D        | Noticed a storm dragon
  4956 | D        | Noticed a stone giant
  4956 | D        | Noticed a yellow draconian
  4956 | D        | Noticed a hell hog
  4957 | D        | Noticed a hell hog
  4959 | D        | Noticed a hell hog
  4965 | D        | Noticed a vampire knight
  4974 | D        | Killed a storm dragon
  4974 | D        | Received a gift from Okawaru
  4974 | D        | Reached skill level 5 in Throwing
  4977 | D        | Killed a water elemental
  4982 | D        | Killed a stone giant
  4982 | D        | Received a gift from Okawaru
  4990 | D        | Killed a hell hog
  4995 | D        | Killed a hell hog
  5004 | D        | Killed a hell hog
  5004 | D        | Received a gift from Okawaru
  5004 | D        | Reached skill level 19 in Shields
  5005 | D        | Got an encrusted plate armour {god gift}
  5014 | D        | Killed a yellow draconian
  5027 | D        | Killed a vampire knight
  5104 | D        | Identified the +0 plate armour "Rarph" {rPois rC+ SInv} (Okawaru gifted it to you in the Dungeon)
  5266 | D        | Noticed a wolf spider
  5266 | D        | Noticed a naga warrior
  5266 | D        | Noticed a naga
  5266 | D        | Noticed a naga
  5266 | D        | Noticed a naga
  5276 | D        | Killed a wolf spider
  5293 | D        | Killed a naga warrior
  5295 | D        | Killed a naga
  5298 | D        | Killed a naga
  5301 | D        | Killed a naga
  5305 | D        | Noticed a vampire
  5316 | D        | Killed a vampire
  5320 | D        | Noticed an orc knight
  5320 | D        | Noticed an orc knight
  5320 | D        | Noticed an orc knight
  5320 | D        | Noticed an orc knight
  5321 | D        | Noticed an orc knight
  5321 | D        | Noticed an orc warlord
  5321 | D        | Noticed an orc knight
  5321 | D        | Noticed an orc warlord
  5321 | D        | Noticed an orc knight
  5323 | D        | Noticed a yaktaur
  5324 | D        | Noticed a yaktaur captain
  5337 | D        | Killed an orc knight
  5341 | D        | Killed an orc knight
  5347 | D        | Killed an orc knight
  5357 | D        | Killed an orc warlord
  5368 | D        | Killed an orc knight
  5373 | D        | Killed an orc knight
  5380 | D        | Killed an orc knight
  5390 | D        | Noticed a harpy
  5391 | D        | Killed an orc warlord
  5391 | D        | Reached XP level 14. HP: 68/146 MP: 22/22
  5394 | D        | Noticed a harpy
  5397 | D        | Killed a harpy
  5399 | D        | Killed a harpy
  5409 | D        | Noticed a yaktaur
  5415 | D        | Killed a yaktaur captain
  5415 | D        | Reached skill level 15 in Fighting
  5419 | D        | Noticed a vault guard
  5427 | D        | Killed an orc knight
  5431 | D        | Killed a yaktaur
  5470 | D        | Killed a vault guard
  5470 | D        | Reached skill level 20 in Shields
  5481 | D        | Noticed an orc knight
  5503 | D        | Killed an orc knight
  5532 | D        | Noticed a naga warrior
  5551 | D        | Killed a naga warrior
  5632 | D        | Noticed a yaktaur
  5632 | D        | Noticed a yaktaur
  5632 | D        | Noticed a harpy
  5633 | D        | Noticed a yaktaur
  5633 | D        | Noticed a yaktaur
  5633 | D        | Noticed a yaktaur captain
  5634 | D        | Noticed a naga warrior
  5634 | D        | Noticed a golden dragon
  5634 | D        | Noticed a vault guard
  5634 | D        | Noticed a naga warrior
  5640 | D        | Killed a harpy
  5641 | D        | Noticed a naga warrior
  5642 | D        | Noticed a Killer Klown
  5649 | D        | Noticed a harpy
  5650 | D        | Noticed a vault guard
  5652 | D        | Killed a golden dragon
  5652 | D        | Received a gift from Okawaru
  5657 | D        | Killed a vault guard
  5662 | D        | Killed a yaktaur
  5664 | D        | Noticed a deep elf knight
  5679 | D        | Killed a naga warrior
  5688 | D        | Killed a Killer Klown
  5689 | D        | Killed a yaktaur
  5697 | D        | Killed a naga warrior
  5697 | D        | Received a gift from Okawaru
  5700 | D        | Killed a yaktaur
  5701 | D        | Killed a harpy
  5705 | D        | Killed a yaktaur captain
  5710 | D        | Killed a deep elf knight
  5713 | D        | Killed a yaktaur
  5714 | D        | Killed a yaktaur
  5752 | D        | Killed a naga warrior
  5768 | D        | Killed a vault guard
  5768 | D        | Reached skill level 21 in Armour
  6020 | D        | Noticed a Hell Sentinel
  6029 | D        | Killed a Hell Sentinel
  6107 | D        | Noticed Norris
  6125 | D        | Killed Norris
  6125 | D        | Received a gift from Okawaru
  6136 | D        | Noticed Bok Exky the pandemonium lord
  6156 | D        | Killed Bok Exky the pandemonium lord
  6159 | D        | Noticed an ice dragon
  6168 | D        | Killed an ice dragon
  6174 | D        | Noticed a pearl dragon
  6189 | D        | Killed a pearl dragon
  6189 | D        | Received a gift from Okawaru
  6189 | D        | Reached XP level 15. HP: 129/159 MP: 24/24
  6230 | D        | Noticed a tentacled monstrosity
  6241 | D        | Killed a tentacled monstrosity
  6241 | D        | Received a gift from Okawaru
  6273 | D        | Noticed a Killer Klown
  6273 | D        | Noticed a dire flail of protection
  6273 | D        | Noticed Geryon
  6273 | D        | Noticed a stone giant
  6273 | D        | Noticed a blizzard demon
  6273 | D        | Noticed a blizzard demon
  6273 | D        | Noticed a spriggan druid
  6273 | D        | Noticed an azure jelly
  6276 | D        | Noticed a swamp dragon
  6279 | D        | Killed an azure jelly
  6279 | D        | Reached skill level 10 in Throwing
  6279 | D        | Reached skill level 22 in Shields
  6281 | D        | Killed a blizzard demon
  6296 | D        | Killed a swamp dragon
  6302 | D        | Killed a spriggan druid
  6309 | D        | Killed a stone giant
  6315 | D        | Killed a Killer Klown
  6315 | D        | Received a gift from Okawaru
  6316 | D        | Got a faintly glowing cloak {god gift}
  6332 | D        | Killed a dire flail of protection
  6356 | D        | Killed a blizzard demon
  6398 | D        | Killed Geryon
  6401 | D        | Noticed a Brimstone Fiend
  6409 | D        | Killed a Brimstone Fiend
  6440 | D        | Identified the +0 cloak "Iloifuju" {rF+} (Okawaru gifted it to you in the Dungeon)
  6553 | D        | Noticed a reaper
  6563 | D        | Killed a reaper
  6565 | D        | Noticed a pearl dragon
  6577 | D        | Killed a pearl dragon
  6581 | D        | Noticed the 27-headed Lernaean hydra
  6586 | D        | Killed the 27-headed Lernaean hydra
  6586 | D        | Reached skill level 23 in Armour
  6589 | D        | Noticed Ereshkigal
  6630 | D        | Paralysed by Ereshkigal for 7 turns
  6634 | D        | Mangled by Ereshkigal

Vault maps used:
D:        pitsprint

Action                   |  1- 3 |  4- 6 |  7- 9 | 10-12 | 13-15 || total
-------------------------+-------+-------+-------+-------+-------++-------
Melee: Mace              |    36 |    12 |       |       |       ||    48
       Flail             |     2 |    29 |    19 |       |       ||    50
       Morningstar       |       |       |    77 |   463 |   283 ||   823
       Eveningstar       |       |       |       |       |   314 ||   314
Throw: Javelin           |       |       |       |    17 |    32 ||    49
Invok: Heroism           |       |     1 |     7 |     8 |     8 ||    24
       Finesse           |       |       |       |     5 |     8 ||    13
  Use: Potion            |       |       |     2 |     7 |     5 ||    14
       Scroll            |       |       |       |     6 |     1 ||     7
  Eat: Chunk             |       |       |     2 |     9 |    10 ||    21
       Bread ration      |       |       |     1 |     1 |     1 ||     3
